 Dungeon Crawl Stone Soup version 0.23-a0-494-g91793a9 (webtiles) character file.

47 zishaf the Shooter (level 3, 0/30 HPs)
             Began as a Centaur Hunter on Dec 3, 2018.
             Succumbed to an adder's poison
             ... on level 2 of the Dungeon.
             The game lasted 00:01:58 (1347 turns).

zishaf the Shooter (Centaur Hunter)                 Turns: 1347, Time: 00:01:58

Health: 0/30       AC:  4    Str: 14    XL:     3   Next: 48%
Magic:  3/3        EV:  9    Int: 10    God:
Gold:   46         SH:  0    Dex: 10    Spells: 2/2 levels left

rFire    . . .     SeeInvis .   a - +1 shortbow
rCold    . . .     Gourm    .   (shield currently unavailable)
rNeg     . . .     Faith    .   c - +0 leather armour
rPois    .         Spirit   .   (no helmet)
rElec    .         Reflect  .   (no cloak)
rCorr    .         Harm     .   (no gloves)
MR       .....                  (no barding)
Stlth    +.........             (no amulet)
HPRegen  0.10/turn              (no ring)
MPRegen  0.08/turn              (no ring)

@: lethally poisoned (0 -> -14), very quick
A: large, hooves 3, deformed body, speed 2, tough skin 3
a: no special abilities


You were on level 2 of the Dungeon.
You were not hungry.

You visited 1 branch of the dungeon, and saw 2 of its levels.

You collected 46 gold pieces.

Inventory:

Hand Weapons
 a - a +1 shortbow (weapon)
 b - a +0 short sword
Missiles
 d - 23 arrows (quivered)
 e - 6 needles of paralysis
 g - 14 poisoned needles
Armour
 c - a +0 leather armour (worn)
Wands
 n - a wand of random effects (17)
Scrolls
 i - a scroll of remove curse {unknown}
 k - a scroll of enchant armour {unknown}
 l - 3 scrolls of noise {unknown}
Potions
 h - a potion of flight {unknown}
 m - a potion of heal wounds {unknown}
Comestibles
 f - 2 rations
 j - 9 chunks of flesh


   Skills:
 + Level 2.8 Fighting
 + Level 5.9 Bows
 - Level 2.0 Dodging
 - Level 0.4 Stealth


You had 2 spell levels left.
You didn't know any spells.
Your spell library was empty.

Dungeon Overview and Level Annotations

Branches:
Dungeon (2/15)

Altars:


Innate Abilities, Weirdness & Mutations

You have hooves in place of feet.
Armour fits poorly on your strangely shaped body.
You cover ground very quickly.
You have extremely tough skin. (AC +3)


Message History

Firing (i - inventory)
d - 26 arrows (quivered)
Press: ? - help, Shift-Dir - straight line, f/p - adder
Aim: an adder (almost dead)
You shoot an arrow. The arrow barely misses the adder.
* * * LOW HITPOINT WARNING * * *
You feel sick. The adder bites you but does no damage.
Firing (i - inventory)
d - 25 arrows (quivered)
Press: ? - help, Shift-Dir - straight line, f/p - adder
Aim: an adder (almost dead)
You shoot an arrow.
The arrow hits the adder but does no damage.
The adder is almost dead.
* * * LOW HITPOINT WARNING * * *
You feel sick. The adder closely misses you.
Firing (i - inventory)
d - 24 arrows (quivered)
Press: ? - help, Shift-Dir - straight line, f/p - adder
Aim: an adder (almost dead)
You shoot an arrow. The arrow hits the adder!
You kill the adder!
You die...

### ... .. #.# #.. .
#(. ....#.(####
.......@<.###
....#####...##########
. ###..........#
#....<.....#
#....รท.....#
..............#
####..........#
#..........#
#..........#


There were no monsters in sight!

Vanquished Creatures
  An adder (D:2)
  A dart slug (D:1)
  A leopard gecko (D:1)
  2 giant cockroaches (D:1)
  5 goblins (D:1)
  6 hobgoblins
  4 jackals (D:1)
  A kobold (D:1)
  A quokka (D:2)
  5 bats (D:1)
  3 frilled lizards (D:1)
  A rat (D:1)
31 creatures vanquished.

Notes
Turn   | Place    | Note
-------+----------+-------------------------------------------
     0 | D:1      | zishaf the Centaur Hunter began the quest for the Orb.
     0 | D:1      | Reached XP level 1. HP: 17/17 MP: 1/1
   206 | D:1      | Reached XP level 2. HP: 9/24 MP: 2/2
  1036 | D:1      | Reached XP level 3. HP: 26/30 MP: 3/3
  1346 | D:2      | HP: 1/30 [poisoned by an adder]
  1347 | D:2      | Succumbed to an adder's poison

Vault maps used:
D:1:      eino_arrival_druids_welcome
D:2:      nicolae_ru_great_annihilating_truth, lemuel_crystal_altar

Skill      XL: |  1  2  3 |
---------------+----------+-----
Dodging        | 2 |  2.0
Fighting       | |  2.8
Bows           | |  5.9
Stealth        | |  0.4

Action                   || total
-------------------------++-------
Melee: Short sword       ||    78
       Kick              ||    12
 Fire: Shortbow          ||    24
  Eat: Chunk             ||     1
Armor: Leather armour    ||    33
Dodge: Dodged            ||    39

Table legend:
 A = Non-vault XP
 B = Vault XP
 C = Vault XP percentage of total XP
 D = Non-vault monster count
 E = Vault monster count
 F = Vault count percentage of total count
                 A         B        C        D         E       F
            +---------+---------+-------+---------+---------+-------
      Total |      68 |       0 |   0.0 |      31 |       0 |   0.0
            +---------+---------+-------+---------+---------+-------
        D:1 |      51 |       0 |   0.0 |      28 |       0 |   0.0
        D:2 |      17 |       0 |   0.0 |       3 |       0 |   0.0
            +---------+---------+-------+---------+---------+-------
